 Dungeon Crawl Stone Soup version 0.18.1-48-g4cf74bf (webtiles) character file.

319 MyWitsBeginToTurn the Archer (level 6, -2/50 HPs)
             Began as a Centaur Hunter on July 12, 2016.
             Slain by a phantom (4 damage)
             ... on level 4 of the Dungeon.
             The game lasted 00:17:25 (1595 turns).

MyWitsBeginToTurn the Archer (Centaur Hunter)       Turns: 1595, Time: 00:17:25

Health: -2/50      AC:  8    Str: 15    XL:     6   Next: 21%
Magic:  6/6        EV:  4    Int: 11    God:
Gold:   64         SH:  0    Dex: 10    Spells: 0 memorised, 5 levels left

rFire  + . .     SeeInvis .     b - +0 short sword
rCold  . . .     Gourm    +     s - +0 chain mail
rNeg   . . .     Faith    .     (no shield)
rPois  .         Spirit   .     g - +0 helmet (curse)
rElec  .         Dismiss  .     (no cloak)
rCorr  +         Reflect  .     (no gloves)
SustAt .         Harm     .     (no barding)
MR     .....                    r - amulet of the gourmand
Stlth  ..........               t - ring of protection from fire
                                u - ring of resist corrosion

@: very quick, not resistant to hostile enchantments, extremely unstealthy
A: hooves 3, deformed body, speed 2, tough skin 3
a: no special abilities


You were on level 4 of the Dungeon.
You were full.

You visited 1 branch of the dungeon, and saw 4 of its levels.

You collected 64 gold pieces.

Inventory:

Hand Weapons
 a - a +1 shortbow
 b - a +0 short sword (weapon)
Missiles
 d - 3 arrows
 j - 12 poisoned needles
Armour
 g - a cursed +0 helmet (worn)
 m - a +0 ring mail
 s - a +0 chain mail (worn)
Jewellery
 o - an uncursed ring of flight
 r - an amulet of the gourmand (around neck)
 t - a ring of protection from fire (right hand)
 u - a ring of resist corrosion (left hand)
Wands
 l - a wand of random effects (23/48)
Scrolls
 i - a scroll of noise {unknown}
 n - a scroll of fear {unknown}
 q - a scroll of remove curse {unknown}
Potions
 e - a potion of haste {unknown}
 h - a potion of mutation {unknown}
 k - a potion of curing {unknown}
 p - a potion of agility {unknown}
Comestibles
 c - a meat ration
 f - 2 bread rations


   Skills:
 + Level 2.4 Fighting
 + Level 9.0 Bows
 + Level 1.5 Armour
 + Level 1.6 Dodging
 + Level 0.7 Stealth


You had 5 spell levels left.
You didn't know any spells.

Dungeon Overview and Level Annotations

Branches:
Dungeon (4/15)
 Temple: D:4-7

Altars:


Innate Abilities, Weirdness & Mutations

You have hooves in place of feet.
Armour fits poorly on your strangely shaped body.
You cover ground very quickly.
You have extremely tough skin (AC +3).


Message History

an arrow; a giant cockroach corpse
d - 3 arrows (gained 1)
The phantom hits you.
* * * LOW HITPOINT WARNING * * *
You miss the phantom. Your kick misses the phantom.
The phantom is moderately damaged.
The phantom hits you.
* * * LOW HITPOINT WARNING * * *
You completely miss the phantom. You kick the phantom, but do no damage.
The phantom is moderately damaged.
The phantom hits you.
* * * LOW HITPOINT WARNING * * *
You hit the phantom.
The phantom is heavily damaged.
The phantom hits you.
* * * LOW HITPOINT WARNING * * *
You hit the phantom. Your kick misses the phantom.
The phantom is heavily damaged.
The phantom hits you.
You die...

######...##..###
................
########.....#..##
#.................
#.######.....##.##
#.#...............
#.#.####.....##...
#†#.#.............
#######@#.#(#########...
#......W#.#(W..?(# ....
# #.#####(..######.#
#... #.#.#....)..# #W#
#.....###...# #.#
###.### #...# #.# ...#
#...# #.#
#.##.#####...######.# #
..............W.(#


You could see a phantom.

Vanquished Creatures
  A sky beast (D:3)
  An ogre (D:4)
  An orc priest (D:3)
  The ghost of Eli the Sneak, a weakling FeIE (D:3)
  Ijyb (D:2)
  An adder (D:4)
  A worm (D:2)
  2 giant geckos (D:3)
  7 orcs
  4 giant cockroaches
  2 goblins (D:3)
  2 hobgoblins
  2 jackals (D:3)
  2 quokkas (D:3)
  3 bats
  A giant newt (D:2)
  3 kobolds
  9 rats
  A fungus (D:2)
45 creatures vanquished.

Notes
Turn   | Place    | Note
--------------------------------------------------------------
     0 | D:1      | MyWitsBeginToTurn the Centaur Hunter began the quest for the Orb.
     0 | D:1      | Reached XP level 1. HP: 17/17 MP: 1/1
   375 | D:2      | Noticed Ijyb
   395 | D:2      | Killed Ijyb
   395 | D:2      | Reached skill level 6 in Bows
   395 | D:2      | Reached XP level 2. HP: 11/24 MP: 2/2
   395 | D:2      | Reached XP level 3. HP: 13/29 MP: 3/3
   637 | D:3      | Noticed Eli's ghost (weakling FeIE)
   646 | D:3      | Killed Eli's ghost
   646 | D:3      | Reached skill level 7 in Bows
   646 | D:3      | Reached XP level 4. HP: 4/37 MP: 4/4
  1107 | D:3      | Noticed a sky beast
  1114 | D:3      | Killed a sky beast
  1114 | D:3      | Reached skill level 8 in Bows
  1114 | D:3      | Reached skill level 1 in Armour
  1114 | D:3      | Reached XP level 5. HP: 42/42 MP: 5/5
  1431 | D:4      | Noticed an ogre
  1437 | D:4      | Killed an ogre
  1437 | D:4      | Reached XP level 6. HP: 20/50 MP: 6/6
  1451 | D:4      | Reached skill level 9 in Bows
  1594 | D:4      | HP: 2/50 [phantom (1)]
  1595 | D:4      | Slain by a phantom

Skill      XL: |  1  2  3  4  5  6 |
---------------+-------------------+-----
Bows           | 6 7 8 9 |  9.0
Armour         | 1 |  1.5
Fighting       | |  2.4
Dodging        | |  1.6
Stealth        | |  0.7

Action                   |  1- 3 |  4- 6 || total
-------------------------+-------+-------++-------
Melee: Short sword       |       |     8 ||     8
       Kick              |       |     2 ||     2
 Fire: Shortbow          |    65 |   109 ||   174
  Eat: Bread ration      |       |     1 ||     1
       Pizza             |       |     1 ||     1
Armor: Leather armour    |     9 |       ||     9
       Ring mail         |    10 |    16 ||    26
       Chain mail        |       |    18 ||    18
Dodge: Dodged            |    16 |    11 ||    27
